 Dungeon Sprint DCSS version 0.30-a0-1155-gf8af5b4991 (webtiles) character file.

Game seed: 10397371831252844316

4 Jewman the Digger (level 1, -4/14 HPs)
             Began as a Draconian Earth Elementalist on Apr 24, 2023.
             Killed from afar by a white imp (9 damage)
             ... with a puff of frost
             ... in the Dungeon (Sprint IX: "|||||||||||||||||||||||||||||").
             The game lasted 00:00:10 (50 turns).

Jewman the Digger (Draconian Earth Elementalist)      Turns: 50, Time: 00:00:10

Health: -4/14      AC:  4    Str: 10    XL:     1   Next: 50%
Magic:  4/4        EV: 12    Int: 15    God:
Gold:   0          SH:  0    Dex: 11    Spells: 4/5 levels left

rFire   . . .        (no weapon)
rCold   . . .        (no shield)
rNeg    . . .        (body armour unavailable)
rPois   .            (helmet restricted)
rElec   .            (no cloak)
rCorr   .            (no gloves)
SInv    .            (no boots)
Will    .....        (no amulet)
Stlth   ++           (no ring)
HPRegen 0.22/turn    (no ring)
MPRegen 0.09/turn

%: no teleportation
@: no status effects
A: AC +4, unfitting armour, cold-blooded
a: no special abilities


You were in the Dungeon.
You visited 1 branch

Inventory:

Scrolls
 f - a scroll of blinking
Potions
 a - 3 potions of magic
 b - a potion of curing
 c - a potion of heal wounds
 d - a potion of haste
 e - a potion of berserk rage


   Skills:
 + Level 1.8 Dodging
 + Level 1.8 Stealth
 + Level 2.7 Spellcasting
 + Level 1.0 Transmutations
 + Level 3.7 Earth Magic


You had 4 spell levels left.
You knew the following spells:

 Your Spells              Type           Power      Damage    Failure   Level
a - Sandblast             Erth           26%        2d8       4%          1

Your spell library contained the following spells:

 Spells                   Type           Power      Damage    Failure   Level
 Passwall                 Tmut/Erth      7%         N/A       12%         2
 Stone Arrow              Conj/Erth      14%        3d7       28%         3
 Petrify                  Tmut/Erth      9%         N/A       61%         4


Dungeon Overview and Level Annotations

Branches:
Dungeon (1/1)

Altars:


Innate Abilities, Weirdness & Mutations

Your plain brown scales are hard. (AC +4)
You cannot fit into any form of body armour.
You are cold-blooded and may be slowed by cold attacks.


Message History

There is an open door here.
You hit the white imp but do no damage.
Your tail-slap misses the white imp.
You hit the white imp but do no damage. The white imp hits you.
The white imp freezes you.
You hit the white imp but do no damage.
You tail-slap the white imp, but do no damage.
The white imp misses you.
You hit the white imp but do no damage.
You tail-slap the white imp, but do no damage.
The white imp barely misses you.
You barely miss the white imp.
Your tail-slap misses the white imp.
The white imp closely misses you.
You hit the white imp but do no damage. The white imp closely misses you.
You hit the white imp but do no damage. The white imp closely misses you.
You hit the white imp but do no damage. The white imp hits you.
The white imp freezes you.
* * * LOW HITPOINT WARNING * * *
You barely miss the white imp.
The white imp hits you but does no damage.
You closely miss the white imp. You tail-slap the white imp.
The white imp is lightly wounded.
The iguana hisses menacingly.
The white imp hits you but does no damage.
You hit the white imp but do no damage.
The white imp is lightly wounded.
The hound pauses to sniff the ground.
The white imp barely misses you.
The iguana hisses menacingly.
You hit the white imp but do no damage.
Your tail-slap misses the white imp.
The iguana hisses menacingly.
The white imp gestures at you. The puff of frost misses you.
You closely miss the white imp. The white imp gestures at you.
The puff of frost misses you.
You hit the white imp but do no damage. The white imp gestures at you.
The puff of frost hits you!
Ouch! That really hurt!
You die... ▓▓▓▓▓▓▓▓▓▓▓▓▓▓▓▓▓▓ +lhll5@.....)..)<▓ ▓▓▓▓▓▓▓▓▓▓▓▓▓▓▓▓▓▓

You could see 3 iguanas, a hound and a white imp.

Vanquished Creatures
  A bat (D)
  A goblin (D)
  2 kobolds (D)
  A rat (D)
5 creatures vanquished.

Notes
Turn   | Place    | Note
-------+----------+-------------------------------------------
     0 | D        | Jewman the Draconian Earth Elementalist began the quest for
                  | the Orb.
     0 | D        | Reached XP level 1. HP: 14/14 MP: 3/3
    35 | D        | Noticed an iguana
    35 | D        | Noticed a hound
    35 | D        | Noticed an iguana
    35 | D        | Noticed an iguana
    50 | D        | Killed from afar by a white imp

Illustrated notes

Levels and vault maps discovered:
D:        linesprint [early_d, line_temple, items_1, d_10, items_2, lair_1,
          lair_end, items_3, orc_1, orc_end, items_4, d_15, swamp_1, shoals_1,
          snake_1, spider_1, d_20, vaults_1, items_5, swamp_end, shoals_end,
          snake_end, spider_end, vaults_end, d_27, items_6, zot_1, zot_end,
          crypt_end, forest_end, elf_end, slime_end, tomb_end, abyss_end,
          pan_hell_end]

Action                     || total
---------------------------++-------
  Melee: Unarmed           ||    30
         Tailslap          ||     4
   Cast: Sandblast         ||     2
 Armour: Skin              ||    10
  Dodge: Dodged            ||    18

Table legend: (Time is in decaauts)
 A = Elapsed time spent in this place.
 B = Non-inter-level travel time spent in this place.
 C = Inter-level travel time spent in this place.
 D = Time resting spent in this place.
 E = Time spent auto-exploring this place.
 F = Levels seen in this place.
 G = Mean time per level.
                   A        B        C        D        E       F      G
               +--------+--------+--------+--------+--------+-----+--------+
         Total |     51 |     51 |      0 |      0 |      3 |   1 |   51.0 |
       Dungeon |     51 |     51 |      0 |      0 |      3 |   1 |   51.0 |
               +--------+--------+--------+--------+--------+-----+--------+

Top non-repeatable levels by time:
       D: 51 daAuts
